 Dungeon Crawl Stone Soup version 0.27-a0-1277-g3808f8b1c9 (webtiles) character file.

Game seed: 4018007803813799912

511 HAL9000 the Covert (level 7, 0/34 HPs)
             Began as a Vine Stalker Brigand on June 12, 2021.
             Was a Priest of Uskayaw.
             Slain by a water moccasin (3 damage)
             ... on level 5 of the Dungeon.
             The game lasted 00:10:35 (5052 turns).

HAL9000 the Covert (Vine Stalker Brigand)           Turns: 5052, Time: 00:10:35

Health: 0/34       AC:  5    Str: 15    XL:     7   Next: 19%
Magic:  0/8        EV: 11    Int: 11    God:    Uskayaw [***...]
Gold:   242        SH:  0    Dex: 16    Spells: 6/6 levels left

rFire    . . .     SeeInvis .   a - +2 dagger
rCold    . . .     Faith    +   (no shield)
rNeg     . . .     Spirit   +   b - +0 robe
rPois    .         Reflect  .   k - +0 helmet
rElec    .         Harm     .   c - +0 cloak
rCorr    .         Rampage  .   t - +0 pair of gloves
Will     .....                  (no boots)
Stlth    ++++......             i - amulet of faith
HPRegen  1.11/turn              (no ring)
MPRegen  0.11/turn              (no ring)

@: lethally poisoned (0 -> -4)
A: fangs 2, regeneration 1, magic shield, antimagic bite, no potion heal 2
a: Renounce Religion, Stomp, Line Pass


You were on level 5 of the Dungeon.
You worshipped Uskayaw.
Uskayaw was noncommittal.
You visited 2 branches of the dungeon, and saw 6 of its levels.

You collected 242 gold pieces.

Inventory:

Hand Weapons
 a - a +2 dagger (weapon)
Missiles
 d - 6 poisoned darts (quivered)
 e - 2 curare-tipped darts
 n - 8 boomerangs
Armour
 b - a +0 robe (worn)
 c - a +0 cloak (worn)
 k - a +0 helmet (worn)
 t - a +0 pair of gloves (worn)
 u - a +1 kite shield of reflection
Jewellery
 i - an amulet of faith (around neck)
Scrolls
 g - a scroll of fog {unknown}
 j - a scroll of immolation {unknown}
 l - a scroll of identify {unknown}
 m - a scroll of teleportation {unknown}
 p - a scroll of enchant weapon {unknown}
 r - a scroll of amnesia {unknown}
 s - 2 scrolls of noise {unknown}
Potions
 f - a potion of heal wounds
 h - a potion of magic {unknown}
 o - 2 potions of might {unknown}
 q - a potion of attraction {unknown}
 v - a potion of invisibility {unknown}


   Skills:
 - Level 1.7 Fighting
 + Level 2.5 Short Blades
 - Level 4.2 Throwing
 - Level 0.7 Dodging
 - Level 8.9 Stealth


You had 6 spell levels left.
You didn't know any spells.
Your spell library was empty.

Dungeon Overview and Level Annotations

Branches:
Dungeon (5/15)             Temple (1/1) D:4

Altars:
Ashenzari
Cheibriados
Dithmenos
Elyvilon
Fedhas
Gozag
Makhleb
Nemelex Xobeh
Okawaru
Qazlal
Ru
Sif Muna
Trog
Uskayaw
Wu Jian
Xom
Yredelemnul
Zin
The Shining One


Innate Abilities, Weirdness & Mutations

You have extremely sharp teeth.
Your natural rate of healing is unusually fast.
When hurt, damage is shared between your health and your magic reserves.
Your bite disrupts and absorbs the magic of your enemies.
Potions cannot restore your health.


Message History

The water moccasin is moderately wounded.
You feel sick. The water moccasin barely misses you.
You hit the water moccasin. Your bite misses the water moccasin.
The water moccasin is heavily wounded.
You feel sick.
The water moccasin barely misses you. x2
You barely miss the water moccasin. Your bite misses the water moccasin.
The water moccasin is heavily wounded.
You feel sick.
The water moccasin bites you but does no damage.
You hit the water moccasin. You bite the water moccasin. You drain its power.
You feel invigorated.
The water moccasin is severely wounded.
The water moccasin bites you.
You are more poisoned.
The water moccasin poisons you!
You barely miss the water moccasin.
The water moccasin is severely wounded.
You feel very sick. The water moccasin bites you.
You are more poisoned.
The water moccasin poisons you! The water moccasin bites you.
You are too injured to fight recklessly!
You are too injured to fight recklessly!
You are too injured to fight recklessly!
You miss the water moccasin. Your bite misses the water moccasin.
The water moccasin is severely wounded.
* * * LOW HITPOINT WARNING * * *
You feel very sick. The water moccasin barely misses you.
You barely miss the water moccasin. Your bite misses the water moccasin.
The water moccasin is severely wounded.
* * * LOW HITPOINT WARNING * * *
You feel very sick. The water moccasin bites you.
* * * LOW HITPOINT WARNING * * *
It was a potion of heal wounds.
That seemed strangely inert.
* * * LOW HITPOINT WARNING * * *
You feel very sick. The water moccasin bites you!
You die...

###### .....# ### .....##
###########.## ......#
.............. .......
######..###.#####..../..
##....##.##..@S......
##..##.#.....#........
###.........####........
.##..###†#...# #.###...#
.....# #...#.# ..# ###
.#...###...#.# .## ..
<..........#.##.###.#
................#...#####?.
#.........................#


You could see a water moccasin.

Vanquished Creatures
  A phantom (D:4)
  A bullfrog zombie (D:5)
  A bullfrog skeleton (D:3)
  2 hounds (D:5)
  2 orc wizards
  A hound skeleton (D:4)
  A howler monkey zombie (D:5)
  Robin (D:2)
  7 gnolls
  4 adders
  2 worms
  2 dart slugs
  13 orcs
  4 bats
  10 endoplasms
  5 giant cockroaches
  12 goblins
  11 hobgoblins
  5 jackals
  8 kobolds
  A quokka (D:2)
  5 ball pythons
  8 rats
107 creatures vanquished.

Notes
Turn   | Place    | Note
-------+----------+-------------------------------------------
     0 | D:1      | HAL9000 the Vine Stalker Brigand began the quest for the
                  | Orb.
     0 | D:1      | Reached XP level 1. HP: 11/11 MP: 2/2
    18 | D:1      | Reached skill level 5 in Stealth
   266 | D:1      | Reached XP level 2. HP: 15/15 MP: 1/3
   326 | D:1      | Found a faded altar of an unknown god.
   615 | D:1      | Reached skill level 6 in Stealth
   615 | D:1      | Reached XP level 3. HP: 8/18 MP: 2/4
  1157 | D:2      | Found a shimmering altar of Xom.
  1206 | D:2      | Gained mutation: Your natural rate of healing is unusually
                  | fast. [Vine Stalker growth]
  1206 | D:2      | Reached XP level 4. HP: 10/23 MP: 2/5
  1278 | D:2      | Reached skill level 7 in Stealth
  1315 | D:2      | You fall into a shaft and drop 1 floor!
  1601 | D:2      | Noticed Robin
  1621 | D:2      | Killed Robin
  1622 | D:2      | Reached XP level 5. HP: 23/26 MP: 4/6
  2979 | D:3      | Reached skill level 8 in Stealth
  2979 | D:3      | Reached XP level 6. HP: 27/30 MP: 7/7
  3192 | D:3      | Found a bloodstained altar of Trog.
  3195 | D:3      | Found a sacrificial altar of Ru.
  3195 | D:3      | Found a sparkling altar of Nemelex Xobeh.
  3198 | D:3      | Found a shimmering altar of Xom.
  3198 | D:3      | Found a white marble altar of Elyvilon.
  3198 | D:3      | Found a sacrificial altar of Ru.
  3471 | D:4      | Found a staircase to the Ecumenical Temple.
  3512 | Temple   | Entered the Ecumenical Temple
  4460 | D:4      | Found a basalt altar of Yredelemnul.
  4460 | D:4      | Found a hide-covered altar of Uskayaw.
  4616 | D:5      | Entered Level 5 of the Dungeon
  4691 | D:5      | Found a stormy altar of Qazlal.
  4799 | D:4      | Became a worshipper of Uskayaw the Reveller
  4808 | D:5      | Found a bloodstained altar of Trog.
  4835 | D:4      | Reached * piety under Uskayaw
  4909 | D:4      | Reached ** piety under Uskayaw
  4917 | D:4      | Reached *** piety under Uskayaw
  4919 | D:4      | Reached XP level 7. HP: 27/34 MP: 8/8
  4926 | D:5      | Reached **** piety under Uskayaw
  5052 | D:5      | Slain by a water moccasin

Illustrated notes

Levels and vault maps discovered:
D:1:      saegor_arrival_simple_b, layout_basic, basic_ecumenical_altar
D:2:      layout_basic, basic_altar, uniq_robin
D:3:      layout_rooms, doesnt_xom_only_xom
D:4:      layout_layer_cave, gammafunk_temple_overflow_statue,
          minmay_temple_entry_nine_rooms
D:5:      layout_rooms, nicolae_overflow_crystal_walls, marbit_many_paths,
          overflow_temple_1_default
Temple:   eino_narrow_crystal_temple

Skill      XL: |  1  2  3  4  5  6  7 |
---------------+----------------------+-----
Stealth        | 5 6 7 8 |  8.9
Throwing       | 2 3 4 |  4.2
Short Blades   | 2 |  2.5
Fighting       | |  1.7
Dodging        | |  0.7

Action                   |  1- 3 |  4- 6 |  7- 9 || total
-------------------------+-------+-------+-------++-------
Melee: Dagger            |    99 |   268 |    42 ||   409
       Bite              |    20 |    82 |    12 ||   114
Throw: Dart              |     8 |    22 |       ||    30
  Use: Potion            |       |       |     1 ||     1
 Stab: Sleeping          |     7 |     7 |       ||    14
       Paralysed         |       |     1 |     1 ||     2
Armor: Robe              |    24 |    62 |     9 ||    95
Dodge: Dodged            |    61 |   186 |    20 ||   267

Table legend: (Time is in decaauts)
 A = Elapsed time spent in this place.
 B = Non-inter-level travel time spent in this place.
 C = Inter-level travel time spent in this place.
 D = Time resting spent in this place.
 E = Time spent auto-exploring this place.
 F = Levels seen in this place.
 G = Mean time per level.
                   A        B        C        D        E       F      G
               +--------+--------+--------+--------+--------+-----+--------+
         Total |   5024 |   4577 |    447 |    387 |   3181 |   6 |  837.3 |
       Dungeon |   4840 |   4405 |    435 |    387 |   3011 |   5 |  968.0 |
        Temple |    184 |    172 |     12 |      0 |    170 |   1 |  184.0 |
               +--------+--------+--------+--------+--------+-----+--------+

Top non-repeatable levels by time:
     D:2: 1615 daAuts
     D:4: 1277 daAuts
     D:1: 1046 daAuts
     D:3: 631 daAuts
     D:5: 269 daAuts
  Temple: 184 daAuts
